 Dungeon Crawl Stone Soup version 0.30-a0-860-g512cf1e979 (webtiles) character file.

Game seed: 18279254846802305517

1367 Querens the Trooper (level 8, -1/64 HPs)
             Began as a Djinni Hedge Wizard on Mar 7, 2023.
             Was an Initiate of Makhleb.
             Slain by a sun demon (20 damage)
             ... summoned by a kobold demonologist
             ... on level 6 of the Dungeon.
             The game lasted 00:17:50 (3419 turns).

Querens the Trooper (Djinni Hedge Wizard)           Turns: 3419, Time: 00:17:52

Health: -1/64      AC:  3    Str:  8    XL:     8   Next: 97%
Gold:   291        EV: 28    Int: 18    God:    Makhleb [......] SH:  0 Dex: 20

rFire   + + .      SeeInvis .    i - +0 dire flail of Foolhardiness {heavy, rElec rC++ Will- Dex+2}
rCold   + . .      Faith    .    (shield currently unavailable)
rNeg    . . .      Spirit   .    b - +0 robe
rPois   ∞          Reflect  .    B - +0 helmet
rElec   +          Rampage  .    (no cloak)
rCorr   +                        (no gloves)
Will    .....                    (boots unavailable)
Stlth   +++                      q - amulet of the acrobat
HPRegen 0.30/turn                x - ring of resist corrosion
MPRegen 0.00/turn                (no ring)

@: acrobatic, flying, unable to read
A: sickness immunity, fire resistance 2, cold vulnerability 1, float, innate
caster, HP casting, extra vitality 1, thin skeletal structure 1, agile 1,
inability to read after injury 1
a: Renounce Religion


You were on level 6 of the Dungeon.
You worshipped Makhleb.
Makhleb was noncommittal.
You visited 1 branch of the dungeon, and saw 6 of its levels.

You collected 291 gold pieces.

Inventory:

Hand Weapons
 i - the +0 dire flail of Foolhardiness (weapon) {heavy, rElec rC++ Will- Dex+2}
   (You found it on level 2 of the Dungeon)

   Dex:       It affects your dexterity (+2).
   rC:        It greatly protects you from cold.
   rElec:     It insulates you from electricity.
   Will:      It decreases your willpower.
 u - a +0 dagger of venom
Armour
 b - a +0 robe (worn)
 B - a +0 helmet (worn)
Jewellery
 q - an amulet of the acrobat (around neck)
 x - a ring of resist corrosion (left hand)
Wands
 p - a wand of light (8)
 w - a wand of flame (24)
Scrolls
 d - 2 scrolls of magic mapping {unknown}
 g - a scroll of acquirement {unknown}
 h - 3 scrolls of identify
 j - 4 scrolls of blinking
 k - a scroll of amnesia {unknown}
 l - a scroll of fear {unknown}
 m - a scroll of immolation {unknown}
 n - 2 scrolls of fog {unknown}
 o - 3 scrolls of teleportation
 s - a scroll of enchant weapon {unknown}
 y - a scroll of summoning {unknown}
Potions
 e - a potion of mutation
 f - 3 potions of curing
 t - a potion of ambrosia {unknown}
 v - 2 potions of brilliance
 z - a potion of invisibility {unknown}
 A - a potion of might {unknown}


   Skills:
 + Level 7.2 Fighting
 - Level 2.1 Dodging
 - Level 1.5 Stealth
 + Level 6.1 Spellcasting


You knew the following spells:

 Your Spells              Type           Power      Damage    Failure   Level
a - Magic Dart            Conj           100%       1d8       1%          1
b - Slow                  Hex            100%       N/A       1%          1
c - Blink                 Tloc           54%        N/A       1%          2
d - Call Imp              Summ           27%        N/A       1%          2
e - Mephitic Cloud        Conj/Pois/Air  27%        N/A       3%          3
f - Shock                 Conj/Air       100%       1d9       1%          1
g - Scorch                Fire           54%        2d7       1%          2
h - Hailstorm             Conj/Ice       27%        3d7       3%          3
Your spell library was empty.

Dungeon Overview and Level Annotations

Branches:
Dungeon (6/15)             Temple (0/1) D:5

Altars:
Makhleb
Yredelemnul

Shops:
D:5 ((


Innate Abilities, Weirdness & Mutations

You are immune to sickness and miasma.
You are immune to poison.
Your flesh is very heat resistant. (rF++)
You are vulnerable to cold. (rC-)
You float through the air rather than walking.
You learn spells naturally, not from books.
Your magical power is your life essence.
You have superior vitality. (+4 MHP)
You have a somewhat thin skeletal structure. (Dex +2, Stealth+)
You are agile. (Dex +4, Str/Int -1)
You occasionally lose the ability to read scrolls when taking damage.


Message History

Makhleb accepts your kill.
You feel a bit more experienced.
Your Spellcasting skill increases to level 6!
You feel yourself speed up.
Your crimson imp disappears in a puff of smoke!
You recover from your berserk rage.
Found a scroll of teleportation.
Found a scroll of teleportation.
A hound and a kobold demonologist come into view.
You see here a scroll of teleportation.
The kobold demonologist mumbles some strange words.
The hound barks!
You see here a scroll of teleportation.
Casting: Mephitic Cloud (dangerous; 3% risk of failure)
Confirm with . or Enter, or press ? or * to list all spells.
Aiming: Mephitic Cloud (dangerous; 3% risk of failure)
Press: ? - help, Shift-Dir - straight line, f - kobold demonologist
Aim: a kobold demonologist, wielding a +0 dagger and wearing a +0 robe (chance to affect: 72%)
The ball explodes into a vile cloud!
The stinking cloud engulfs the kobold demonologist but does no damage.
The stinking cloud engulfs the sun demon but does no damage.
The stinking cloud engulfs the hound but does no damage.
You hear a shout!
The hound is engulfed in noxious fumes.
The kobold demonologist is engulfed in noxious fumes.
The kobold demonologist appears confused.
The kobold demonologist hits the hound with a +0 dagger.
The kobold demonologist hits itself with a +0 dagger.
The hound bites you but does no damage. The sun demon attacks as you move away!
The sun demon closely misses you. The hound attacks as you move away!
The hound closely misses you. The hound attacks as you move away!
The hound bites you. The hound bites you but does no damage.
Casting: Mephitic Cloud (dangerous; 3% risk of failure)
Confirm with . or Enter, or press ? or * to list all spells.
A beastly little devil appears in a puff of frigid air.
* * * LOW HITPOINT WARNING * * *
The sun demon attacks as you move away! The sun demon hits you!!
You feel threatened and lose the ability to read scrolls!
You die...

.#### #########
....###.......#
.##.....#####.#
<########
#.###### ^#
#......# .#
#.####.# >#
#.#### .#
#..35# ##
#?##@#.# #
#..K...# #
#...#.?# #
##....## #
#.#### # #.# #
#.# #.# #.#


You could see a sun demon (summoned), a kobold demonologist (confused) and a
friendly white imp (summoned).

Vanquished Creatures
  An acid dragon (D:6)
  4 ogres (D:6)
  Blork the orc (D:6)
  A scorpion (D:5)
  A howler monkey (D:6)
  2 jellies
  4 hounds
  An iguana (D:5)
  2 gnolls
  3 adders
  2 white imps (D:5)
  3 dart slugs
  7 bats
  3 endoplasms (D:2)
  2 giant cockroaches (D:1)
  5 goblins
  4 hobgoblins
  2 jackals (D:4)
  4 kobolds
  4 quokkas
  4 ball pythons
  7 frilled lizards
  4 rats
71 creatures vanquished.

Vanquished Creatures (collateral kills)
  An ogre (D:4)
  A phantom (D:4)
  A scorpion (D:4)
  A hound (D:4)
  A jelly (D:6)
  Jessica (D:3)
  An orc wizard (D:4)
  2 gnolls (D:4)
  2 adders
  5 worms
  4 dart slugs
  6 orcs (D:4)
  5 endoplasms
  3 goblins
  5 hobgoblins
  A kobold (D:4)
  A quokka (D:2)
  5 ball pythons
  A spectral orc (D:4)
47 creatures vanquished.

Grand Total: 118 creatures vanquished

Notes
Turn   | Place    | Note
-------+----------+-------------------------------------------
     0 | D:1      | Querens the Djinni Hedge Wizard began the quest for the
                  | Orb.
     0 | D:1      | Querens set off with the following spells memorised: Magic
                  | Dart, Slow, Blink, Call Imp, Mephitic Cloud.
     0 | D:1      | Reached XP level 1. HP: 15/15 MP: 0/0
    39 | D:1      | You are sucked into a shaft and drop 1 floor!
   125 | D:2      | Reached skill level 1 in Fighting
   125 | D:2      | Reached XP level 2. HP: 15/22 MP: 0/0
   202 | D:2      | Found a faded altar of an unknown god.
   262 | D:2      | Reached XP level 3. HP: 24/27 MP: 0/0
   262 | D:2      | Learned a level 1 spell: Shock
   338 | D:2      | Identified the +0 dire flail of Foolhardiness {heavy, rElec
                  | rC++ Will- Dex+2}
   502 | D:2      | Reached skill level 2 in Fighting
   684 | D:2      | Reached XP level 4. HP: 33/33 MP: 0/0
  1406 | D:3      | Found a burning altar of Makhleb.
  1507 | D:3      | Noticed Jessica
  1509 | D:3      | Killed Jessica
  1510 | D:3      | Reached XP level 5. HP: 39/40 MP: 0/0
  1510 | D:3      | Learned a level 2 spell: Scorch
  1674 | D:4      | Reached skill level 3 in Fighting
  1724 | D:4      | Noticed a phantom
  1858 | D:4      | Killed a phantom
  1859 | D:4      | Reached skill level 4 in Fighting
  1859 | D:4      | Reached XP level 6. HP: 33/47 MP: 0/0
  1972 | D:4      | Found a basalt altar of Yredelemnul.
  2090 | D:4      | Noticed an ogre
  2102 | D:4      | Killed an ogre
  2103 | D:4      | Reached XP level 7. HP: 45/53 MP: 0/0
  2103 | D:4      | Learned a level 3 spell: Hailstorm
  2442 | D:4      | Reached skill level 5 in Fighting
  2511 | D:3      | Became a worshipper of Makhleb the Destroyer
  2571 | D:5      | Entered Level 5 of the Dungeon
  2705 | D:5      | Found Jaimm's Weapon Boutique.
  3037 | D:5      | Found a staircase to the Ecumenical Temple.
  3203 | D:5      | Found Feshaniv's Weapon Shoppe.
  3222 | D:5      | Reached skill level 5 in Spellcasting
  3225 | D:5      | Reached XP level 8. HP: 55/60 MP: 0/0
  3333 | D:6      | Noticed Blork the orc
  3338 | D:6      | Killed Blork the orc
  3339 | D:6      | Reached skill level 6 in Fighting
  3352 | D:6      | Gained mutation: You occasionally lose the ability to read
                  | scrolls when taking damage. [potion of mutation]
  3352 | D:6      | Gained mutation: You have a somewhat thin skeletal
                  | structure. (Dex +2, Stealth+) [potion of mutation]
  3352 | D:6      | Gained mutation: You are agile. (Dex +4, Str/Int -1)
                  | [potion of mutation]
  3370 | D:6      | Reached skill level 7 in Fighting
  3411 | D:6      | Noticed a kobold demonologist
  3414 | D:6      | Noticed a sun demon
  3419 | D:6      | Slain by a sun demon

Illustrated notes

Levels and vault maps discovered:
D:1:      kennysheep_arrival_forest, layout_rooms, amethyst_killhole,
          grunt_decor_resistance
D:2:      cheibrodos_helix_gallery, layout_basic,
          nicolae_ecumenical_snake_handling, eino_tiny_chamber, kennysheep_nub,
          st_stairs_8, minivault_5, kennysheep_path_1, minmay_small_reverse_x
D:3:      layout_basic, general_overflow_altar, uniq_jessica
D:4:      layout_basic, marbit_many_paths, yredelemnul_forgotten_temple_becter,
          chequers_hall_statues_y, grunt_ministairs_13, grunt_tough_drop
D:5:      layout_basic, minmay_temple_entry_crystal_x, serial_shops,
          nicolae_shop_hallway_plus, nicolae_take_the_stairs
D:6:      hangedman_cross_stitches, layout_loops_cross, uniq_blork_the_orc,
          uniq_maggie

Skill      XL: |  1  2  3  4  5  6  7  8 |
---------------+-------------------------+-----
Fighting       | 1 2 4 5 7 |  7.2
Spellcasting   | 3 4 5 6 |  6.1
Dodging        | |  2.1
Stealth        | |  1.5

Action                     |  1- 3 |  4- 6 |  7- 9 || total
---------------------------+-------+-------+-------++-------
  Melee: Dagger            |     6 |    33 |    23 ||    62
         Punch             |     1 |       |       ||     1
         Dire flail        |       |       |     3 ||     3
   Cast: Magic Dart        |    65 |    48 |     1 ||   114
         Call Imp          |     2 |    26 |    20 ||    48
         Mephitic Cloud    |       |     2 |     6 ||     8
         Blink             |       |     1 |       ||     1
         Scorch            |       |       |    20 ||    20
    Use: Potion            |       |       |     5 ||     5
         Scroll            |       |       |     2 ||     2
   Stab: Sleeping          |     1 |     3 |       ||     4
 Armour: Robe              |     6 |     8 |    10 ||    24
  Dodge: Dodged            |    26 |    67 |    52 ||   145

Table legend: (Time is in decaauts)
 A = Elapsed time spent in this place.
 B = Non-inter-level travel time spent in this place.
 C = Inter-level travel time spent in this place.
 D = Time resting spent in this place.
 E = Time spent auto-exploring this place.
 F = Levels seen in this place.
 G = Mean time per level.
                   A        B        C        D        E       F      G
               +--------+--------+--------+--------+--------+-----+--------+
         Total |   3431 |   2948 |    483 |      0 |      0 |   6 |  571.8 |
       Dungeon |   3431 |   2948 |    483 |      0 |      0 |   6 |  571.8 |
               +--------+--------+--------+--------+--------+-----+--------+

Top non-repeatable levels by time:
     D:4: 957 daAuts
     D:2: 754 daAuts
     D:5: 684 daAuts
     D:3: 568 daAuts
     D:1: 320 daAuts
     D:6: 146 daAuts
